 Dungeon Crawl Stone Soup version 0.18-a0-1323-g706dcef (webtiles) character file.

249 Tomstefer the Conjurer (level 6, -2/32 HPs)
             Began as a Tengu Conjurer on Feb 15, 2016.
             Slain by Pikel
             ... wielding a +2 whip of freezing
              (8 damage)
             ... on level 4 of the Dungeon.
             The game lasted 00:13:30 (6092 turns).

Tomstefer the Conjurer (Tengu Conjurer)             Turns: 6092, Time: 00:13:30

Health: -2/32      AC:  5    Str:  9    XL:     6   Next: 12%
Magic:  2/11       EV: 17    Int: 17    God:
Gold:   167        SH:  0    Dex: 20    Spells: 3 memorised, 1 level left

rFire  . . .     SeeInvis +     y - +6 flail "Ezonuzur" {venom, Dex+6 SInv}
rCold  + . .     Gourm    .     t - +2 robe {rC+}
rNeg   + . .     Faith    .     (no shield)
rPois  .         Spirit   .     (helmet restricted)
rElec  .         Dismiss  +     (no cloak)
rCorr  .         Reflect  .     C - +0 pair of gloves
SustAt .         Harm     .     (boots unavailable)
MR     .....                    h - amulet of dismissal
Stlth  ++........               q - ring of flight
                                i - ring of positive energy

@: flying quickly and evasively, quick, not resistant to hostile enchantments,
unstealthy
A: beak, talons 3, able to fly 1
a: no special abilities


You were on level 4 of the Dungeon.
You were hungry.

You visited 1 branch of the dungeon, and saw 5 of its levels.

You collected 167 gold pieces.

Inventory:

Hand Weapons
 g - a +0 dagger
 k - a +0 short sword
 u - a +1 flail of crushing
 y - the +6 flail "Ezonuzur" (weapon) {venom, Dex+6 SInv}
   (You found it on level 4 of the Dungeon)

   It poisons the flesh of those it strikes.
   It affects your dexterity (+6).
   It lets you see invisible.
Armour
 t - a +2 robe of cold resistance (worn)
 C - a +0 pair of gloves (worn)
Jewellery
 h - an amulet of dismissal (around neck)
 i - a ring of positive energy (left hand)
 q - a ring of flight (right hand)
 A - a cursed -3 ring of strength {unknown}
 B - an uncursed amulet of rage {unknown}
 D - a +3 ring of intelligence {unknown}
Wands
 E - a wand of iceblast (11/15)
Scrolls
 a - 3 scrolls of amnesia {unknown}
 d - a scroll of remove curse {unknown}
 j - a scroll of noise {unknown}
 o - a scroll of fog {unknown}
 p - 3 scrolls of identify {unknown}
 s - 2 scrolls of enchant weapon {unknown}
 w - a scroll of blinking {unknown}
Potions
 e - 3 potions of heal wounds {unknown}
 l - 3 potions of lignification {unknown}
 n - 4 potions of mutation {unknown}
 v - 4 potions of curing {unknown}
 x - a potion of invisibility {unknown}
 z - a potion of resistance {unknown}
Books
 b - a book of Conjurations

   Spells                             Type                      Level
   a - Magic Dart                     Conjuration                  1
   b - Searing Ray                    Conjuration                  2
   c - Dazzling Spray                 Conjuration/Hexes            3
   d - Fulminant Prism                Conjuration/Hexes            4
   e - Iskenderun's Mystic Blast      Conjuration                  4
   f - Iskenderun's Battlesphere      Conjuration/Charms           5
Comestibles
 c - 4 bread rations
 f - 2 slices of pizza
 m - 5 fruits
 r - 2 meat rations
 F - 2 chunks of flesh


   Skills:
 + Level 1.4 Maces & Flails
 + Level 3.5 Dodging
 - Level 2.0 Stealth
 - Level 3.1 Spellcasting
 + Level 7.6 Conjurations
 + Level 0.1 Charms


You had one spell level left.
You knew the following spells:

 Your Spells              Type           Power        Failure   Level  Hunger
a - Magic Dart            Conj           ####         1%          1    None
b - Iskenderun's Mystic   Conj           ####....     10%         4    ####...
c - Iskenderun's Battles  Conj/Chrm      ###.....     89%         5    ######.


Dungeon Overview and Level Annotations

Branches:
Dungeon (5/15)
 Temple: D:4-7

Altars:
Cheibriados
Dithmenos
Gozag
Makhleb

Annotations:
D:4 Pikel


Innate Abilities, Weirdness & Mutations

You have a beak for a mouth.
You have claws for feet.
You can fly.


Message History

Your peck misses Pikel.
Pikel is heavily wounded.
Pikel barely misses you.
You thump Pikel! Your kick misses Pikel.
Pikel is severely wounded.
Pikel hits you with a whip of freezing! Pikel freezes you.
Pikel says, "You'll fetch a fair price!"
Pikel hits you with a whip of freezing!
* * * LOW HITPOINT WARNING * * *
Pikel freezes you.
* * * LOW HITPOINT WARNING * * *
You don't have enough magic at the moment.
You see here a ring mail.
There is an open door here.
You swoop lightly up into the air.
You feel very comfortable in the air.
You feel somewhat more hungry. Pikel hits you with a whip of freezing.
* * * LOW HITPOINT WARNING * * *
Pikel scowls and wipes his hands on his robe.
Pikel hits you with a whip of freezing!
You die...

.####....#..#.......#..#####....#
.........#..##'#....#......+....#
.........#.....+....#......#....#
.........'.....#....#......######
.........#######....#..##..##..#
.........#.....#....#####'###..#
####.....#.....#....#..#...#...#
...#.....'.....#....#..'...#...#
...#.....####+##@...##'##..##..#
[..'...........K........#..##..#
...#....................#...>..#
...#....................#......#
#####'###...............#..##..#
...#....######'#....#####..##..#
...'....#......#....# #...##..#
..###...##.....#...># #...#...#
..###...##.....#....# #...#.(.#


You could see Pikel.

Vanquished Creatures
  2 slaves
  An orc priest (D:3)
  Jessica (D:2)
  Natasha (D:3)
  A hound skeleton (D:4)
  4 adders
  An ooze (D:3)
  An adder skeleton (D:4)
  4 worms (D:2)
  4 giant geckos
  5 orcs
  4 giant cockroaches
  8 goblins
  7 hobgoblins
  15 jackals
  3 quokkas (D:4)
  7 bats (D:1)
  6 giant newts
  13 kobolds
  4 rats
92 creatures vanquished.

Notes
Turn   | Place    | Note
--------------------------------------------------------------
     0 | D:1      | Tomstefer the Tengu Conjurer began the quest for the Orb.
     0 | D:1      | Reached XP level 1. HP: 10/10 MP: 4/4
   412 | D:1      | Reached XP level 2. HP: 15/15 MP: 3/6
   465 | D:1      | Reached skill level 6 in Conjurations
  1060 | D:1      | Found a snail-covered altar of Cheibriados.
  1455 | D:2      | Noticed Jessica
  1461 | D:2      | Killed Jessica
  1461 | D:2      | Reached skill level 7 in Conjurations
  1461 | D:2      | Reached XP level 3. HP: 10/19 MP: 3/7
  1665 | D:2      | Found a burning altar of Makhleb.
  1967 | D:2      | Reached XP level 4. HP: 24/24 MP: 3/8
  1973 | D:2      | Learned a level 4 spell: Iskenderun's Mystic Blast
  3507 | D:3      | Gained mutation: You can fly. [Tengu growth]
  3507 | D:3      | Reached XP level 5. HP: 28/28 MP: 8/10
  3617 | D:3      | Found a shadowy altar of Dithmenos.
  3664 | D:3      | Noticed Natasha
  3672 | D:3      | Killed Natasha
  4511 | D:4      | Reached skill level 1 in Maces & Flails
  4596 | D:4      | Found an opulent altar of Gozag.
  4707 | D:4      | Learned a level 5 spell: Iskenderun's Battlesphere
  4726 | D:4      | Got a bloodstained flail
  4727 | D:4      | Identified the +6 flail "Ezonuzur" {venom, Dex+6 SInv} (You found it on level 4 of the Dungeon)
  4961 | D:4      | Reached XP level 6. HP: 32/32 MP: 5/11
  5687 | D:5      | Entered Level 5 of the Dungeon
  5688 | D:5      | Noticed a slave
  5688 | D:5      | Noticed a slave
  5693 | D:5      | Noticed a slave
  5696 | D:5      | Noticed a slave
  5703 | D:4      | Killed a slave
  5956 | D:5      | Killed a slave
  6048 | D:5      | Noticed Pikel
  6092 | D:4      | Slain by Pikel

Vault maps used:
D:1:      matt_arrival_diagonals, cheibriados_altar_1
D:2:      bloody_makhleb, minivault_14, grunt_decor_mini_mirrors, uniq_jessica
D:3:      marbit_many_paths, nrook_uturn, uniq_natasha
D:4:      lemuel_doored_altar, first_bread
D:5:      tgw_sif, uniq_pikel, uniq_crazy_yiuf_cottage

Action                   |  1- 3 |  4- 6 || total
-------------------------+-------+-------++-------
Melee: Short sword       |     3 |       ||     3
       Flail             |     1 |    50 ||    51
 Cast: Magic Dart        |    44 |   136 ||   180
       Iskenderun's Myst |       |     2 ||     2
 Abil: Fly               |       |     1 ||     1
 Stab: Sleeping          |       |     1 ||     1
  Eat: Chunk             |     4 |    13 ||    17
